 Dungeon Crawl Stone Soup version 0.25.1-2-g60ff931df9 (webtiles) character file.

Game seed: 11773467188222442171

210 DoubleLucky the Magician (level 5, -7/28 HPs)
             Began as a Deep Elf Fire Elementalist on Oct 1, 2020.
             Mangled by Duvessa
             ... wielding a +0 short sword
              (11 damage)
             ... on level 4 of the Dungeon.
             The game lasted 00:09:18 (3626 turns).

DoubleLucky the Magician (DEFE)                     Turns: 3626, Time: 00:09:19

Health: -7/28      AC:  2    Str:  5    XL:     5   Next: 56%
Magic:  18/23      EV: 13    Int: 21    God:
Gold:   205        SH:  0    Dex: 15    Spells: 9/13 levels left

rFire    . . .     SeeInvis .   l - +0 dagger
rCold    . . .     Gourm    .   (no shield)
rNeg     . . .     Faith    .   a - +0 robe
rPois    .         Spirit   .   (no helmet)
rElec    .         Reflect  .   (no cloak)
rCorr    .         Harm     .   (no gloves)
MR       .....                  (no boots)
Stlth    ++........             (no amulet)
HPRegen  0.09/turn              k - ring of wizardry
MPRegen  0.18/turn              r - ring of magical power

@: no status effects
A: no striking features
a: no special abilities


You were on level 4 of the Dungeon.
You were not hungry.

You visited 1 branch of the dungeon, and saw 4 of its levels.

You collected 205 gold pieces.

Inventory:

Hand Weapons
 l - a +0 dagger (weapon)
 n - a cursed +0 whip
 u - a +1 hunting sling of freezing
Missiles
 v - 48 sling bullets
Armour
 a - a +0 robe (worn)
 h - a cursed +0 leather armour
Jewellery
 d - the amulet of Mahu Xouf {Acrobat Int+4, unknown}
   (You found it on level 4 of the Dungeon)

   [amulet of the acrobat]

   It helps you evade while moving and waiting.
   It affects your intelligence (+4).
 k - a ring of wizardry (left hand)
 r - a ring of magical power (right hand)
Wands
 o - a wand of polymorph (8)
Scrolls
 b - 5 scrolls of remove curse
 e - a scroll of teleportation
 f - a scroll of fog
 g - 3 scrolls of identify
 i - a scroll of random uselessness {unknown}
 j - a scroll of fear {unknown}
 p - a scroll of amnesia
 s - a scroll of enchant armour {unknown}
Potions
 m - a potion of curing
 t - a potion of brilliance
Comestibles
 c - 7 rations
 q - a chunk of flesh


   Skills:
 - Level 2.4 Dodging
 - Level 2.4 Stealth
 + Level 4.7 Spellcasting
 * Level 4.3 Conjurations
 + Level 4.4 Fire Magic


You had 9 spell levels left.
You knew the following spells:

 Your Spells              Type           Power        Failure   Level  Hunger
a - Foxfire               Conj/Fire      ###.         1%          1    None
b - Conjure Flame         Conj/Fire      ###.....     2%          3    ##.....

Your spell library contained the following spells:

 Spells                   Type           Power        Failure   Level  Hunger
 Animate Skeleton         Necr           N/A          4%          1    None
 Apportation              Tloc           #.....       4%          1    None
 Corona                   Hex            #......      4%          1    None
 Summon Small Mammal      Summ           #...         4%          1    None
 Inner Flame              Hex/Fire       ##......     6%          3    ##.....
 Sticky Flame             Conj/Fire      ###.....     8%          4    ####...
 Fireball                 Conj/Fire      ###.......   21%         5    ######.


Dungeon Overview and Level Annotations

Branches:
Dungeon (4/15)
 Temple: D:4-7

Altars:

Annotations:
D:4 Duvessa


Message History

The phantom is lightly damaged.
Okay, then.
Okay, then.
Your foxfire dissipates!
The foxfire hits the phantom but does no damage.
The phantom is lightly damaged.
Casting: Foxfire (safe; 1% risk of failure)
Confirm with . or Enter, or press ? or * to list all spells.
The fire begins to smolder!
The phantom blinks!
Duvessa hits you with a +0 short sword!
Duvessa smothers the flame.
Duvessa hits you but does no damage. Duvessa barely misses you.
Duvessa hits you with a +0 short sword!
* * * LOW HITPOINT WARNING * * *
Duvessa barely misses you. Duvessa hits you with a +0 short sword.
* * * LOW HITPOINT WARNING * * *
Duvessa hits you with a +0 short sword!
You die...

#...... #.....)
########......
#.............
######.#####.......
#......# #)......
#.###### #.......
#######e##### #..#####
#.......@...# ####..#<...
#.#####.###.# #..........
#.......# #.# #>.........
###########'###..........
#.................
#.................
#.................
#.......###.......
#.......##.(...###


You could see Duvessa (berserk).

Vanquished Creatures
  Dowan (D:4)
  A hound (D:3)
  3 gnolls (D:2)
  3 adders
  2 adder skeletons (D:4)
  A worm (D:3)
  A dart slug (D:1)
  3 orcs (D:3)
  9 bats
  5 giant cockroaches
  9 goblins
  3 hobgoblins (D:1)
  2 jackals (D:2)
  8 kobolds
  4 quokkas
  A ball python (D:2)
  6 frilled lizards
  6 rats
68 creatures vanquished.

Vanquished Creatures (others)
  256 foxfires
256 creatures vanquished.

Grand Total: 324 creatures vanquished

Notes
Turn   | Place    | Note
-------+----------+-------------------------------------------
     0 | D:1      | DoubleLucky the Deep Elf Fire Elementalist began the quest
                  | for the Orb.
     0 | D:1      | Reached XP level 1. HP: 10/10 MP: 6/6
   281 | D:1      | Reached XP level 2. HP: 15/15 MP: 5/8
  1456 | D:2      | Reached XP level 3. HP: 19/19 MP: 7/10
  1845 | D:2      | Reached XP level 4. HP: 24/24 MP: 6/11
  3301 | D:3      | Learned a level 3 spell: Conjure Flame
  3395 | D:3      | Reached XP level 5. HP: 27/28 MP: 13/13
  3496 | D:4      | Got a sparkling copper amulet
  3603 | D:4      | Noticed Dowan
  3607 | D:4      | Noticed a phantom
  3608 | D:4      | Noticed Duvessa
  3609 | D:4      | Killed Dowan
  3626 | D:4      | Mangled by Duvessa

Illustrated notes

Levels and vault maps discovered:
D:1:      enne_arrival_octagon_isle, layout_basic, minmay_hedge_maze
D:2:      layout_basic, nrook_mini_backslash, grunt_ministairs_2
D:3:      layout_rooms, due_unseen_surprise
D:4:      layout_basic, first_ration, uniq_pikel, uniq_duvessa

Skill      XL: |  1  2  3  4  5 |
---------------+----------------+-----
Conjurations   | 2 3 4 |  4.3
Spellcasting   | 4 |  4.7
Fire Magic     | 4 |  4.4
Dodging        | |  2.4
Stealth        | |  2.4

Action                   |  1- 3 |  4- 6 || total
-------------------------+-------+-------++-------
Melee: Unarmed           |     2 |       ||     2
       Dagger            |       |     1 ||     1
 Cast: Foxfire           |    82 |    97 ||   179
       Conjure Flame     |       |     2 ||     2
  Use: Scroll            |       |     7 ||     7
  Eat: Chunk             |     2 |     6 ||     8
Armor: Robe              |     5 |     1 ||     6
Dodge: Dodged            |     5 |    34 ||    39
